 BcadrenCrawl: Boulder Brew version 0.03.2.1-32-g00f802a9a0 (webtiles) character file.

Game seed: 5958972142346695364, levelgen mode: deterministic

1284 esc the Lasher (level 8, -5/43 HPs) Gargoyle Noble. Began on Jan 22, 2021. Shot with an arrow by a gnoll (11 damage) ... on level 3 of the Dungeon. The game lasted 00:09:17 (3303 turns).

esc the Lasher (Gargoyle Noble)                     Turns: 3303, Time: 00:09:17

Health: -5/43      AC:  8    Str: 16    XL:     8 ^: 518
Magic:  9/9        EV:  5    Int: 11    God:
Gold:   386        SH:  0    Dex: 16    Spells: 9/9 levels left

rFire    . . .     Vision   .   c - +2 demon whip
rCold    . . .     Gourm    .   (no weapon)
rNeg     + . .     Faith    .   a - +0 robe
rPois    ∞         Spirit   .   (no helmet)
rElec    +         Reflect  .   (no cloak)
rCorr    .         Harm     .   e - +0 pair of gloves {Dex+3}
MR       .....                  (no boots)
Stlth    ++........             (no amulet)
HPRegen  0.24/turn              (no ring)
MPRegen  0.19/turn              (no ring)

@: about to teleport
A: negative energy resistance 1, electricity resistance, unbreathing,
petrification resistance, rot immunity, AC +5
a: no special abilities


You were on level 3 of the Dungeon.
You were not hungry.

You visited 1 branch of the dungeon, and saw 3 of its levels.
You also visited: Market.

You collected 336 gold pieces.
You spent 950 gold pieces at shops.

Inventory:

Weapons
 c - a +2 demon whip (weapon) Shields
 f - a +0 heater shield
Armour
 a - a +0 robe (worn)
 e - a +0 pair of gloves of dexterity (worn)
Jewellery
 h - a cursed ring of strength {(Curse: *Corrode MP-9)}
 j - an uncursed ring of intelligence
Scrolls
 g - a scroll of teleportation
 k - 2 scrolls of amnesia
 n - a scroll of fog
Potions
 d - a potion of curing
 i - a potion of ambrosia
 o - a potion of cancellation
Comestibles
 b - 4 rations
 l - 4 chunks of flesh


   Skills:
 - Level 1.1 Fighting
 + Level 10.0 Whips & Flails
 - Level 1.1 Stealth
 - Level 1.0 Spellcasting


You had 9 spell levels left.
You didn't know any spells.
Your spell library was empty.

Dungeon Overview and Level Annotations

Branches:
Dungeon (3/8)

Altars:


Innate Abilities, Weirdness & Mutations

You are resistant to torment.
Your stone body is resilient. (AC +5)
You are immune to poison.
You resist negative energy. (rN+)
You are resistant to electric shocks. (rElec)
You can survive without breathing.
You are immune to petrification.
You are immune to rotting.


Message History

The arrow bug you but does no damage.
You hear a shout!
You whack the adder (13)!
You kill the adder!
You see here an adder corpse.
You aren't carrying any items that you can evoke.
Okay, then.
An ooze and a skeleton come into view.
The gnoll shouts!
The ooze quivers.
The gnoll shoots an arrow.
The arrow bug you (0).
As you read the scroll of teleportation, it crumbles to dust.
You feel strangely unstable.
The gnoll hits you from afar with a +0 trident (8)!
* * * LOW HITPOINT WARNING * * *
The gnoll shoots an arrow.
The arrow bug you (4).
* * * LOW HITPOINT WARNING * * *
You feel better. The gnoll hits you but does no damage.
The gnoll shoots an arrow.
The arrow bug you (11)!
You die...

#....O<.....#.#.#.#....##.
... #......!....#
#.#....#.. ...
#...........# #.##......
... ......J......# ..
#...... ... .......Z....##
#. #...... . .
............# .... #......
...
...#.....g..####.####......
..#
....#..g......##.#.........
.. ##...##@..[##.#.........
...
...#.....†.....#.#.........
...
#.........#####.#.........
.
#..#...#######............
#...O...#......>.........
#....##.....###.#####....
....... ###....##.# #...#
..####..........#)## #...#
. ..............####....


You could see an ogre, 2 gnolls, an ooze and an adder skeleton.

Vanquished Creatures
  3 ogres (D:3)
  3 big kobolds (D:2)
  A bullfrog (D:2)
  A hound (D:3)
  2 jellies (D:2)
  An orc wizard (D:3)
  Jessica (D:2)
  An iguana (D:3)
  A worker ant (D:3)
  A giant cockroach (D:2)
  2 bullfrog skeletons (D:3)
  2 porcupine skeletons (D:3)
  6 adders
  A gnoll (D:2)
  34 sewer rats (D:2)
  3 worms
  8 cinder newts
  3 dart slugs (D:1)
  2 leopard geckos
  7 orcs
  An adder skeleton (D:2)
  A ball python (D:2)
  8 goblins (D:1)
  4 hobgoblins (D:1)
  7 bats
  A jackal skeleton (D:2)
  16 kobolds
  2 leopard gecko skeletons (D:3)
  3 quokka skeletons (D:3)
  5 rats
131 creatures vanquished.

Vanquished Creatures (others)
  A giant cockroach (D:2)
  A leopard gecko (D:2)
  A bat (D:2)
  8 kobolds (D:2)
  A kobold skeleton (D:2)
  2 giant blowflies (D:2)
  150 withered plants (D:2)
164 creatures vanquished.

Grand Total: 295 creatures vanquished

Notes
Turn   | Place    | Note
-------+----------+-------------------------------------------
     0 | Start Ma | esc the Gargoyle Noble began the quest for the Orb.
     0 | Start Ma | Reached XP level 1. HP: 12/12 MP: 2/2
     0 | Start Ma | Found Vycwoqus's Mashing MeleeMart.
     6 | Start Ma | Found Teacvo's Auxillary Armour.
     7 | Start Ma | Bought a +0 demon whip for 600 gold pieces
    10 | Start Ma | Bought a scroll of enchantment for 120 gold pieces
    15 | Start Ma | Bought a +0 pair of gloves of dexterity for 230 gold pieces
    30 | D:1      | esc set off with the following items: a +0 robe, a ration,
                  | a +1 demon whip, a +0 pair of gloves of dexterity
    92 | D:1      | Reached skill level 1 in Whips & Flails
   115 | D:1      | Reached XP level 2. HP: 14/16 MP: 3/3
   226 | D:1      | Reached skill level 2 in Whips & Flails
   236 | D:1      | Reached XP level 3. HP: 20/20 MP: 4/4
   466 | D:1      | Reached skill level 3 in Whips & Flails
   499 | D:1      | Reached XP level 4. HP: 24/25 MP: 5/5
  1071 | D:2      | Reached skill level 4 in Whips & Flails
  1087 | D:2      | Found a faded altar of an unknown god.
  1186 | D:2      | Noticed Jessica
  1191 | D:2      | Reached XP level 5. HP: 28/29 MP: 6/6
  1211 | D:2      | Killed Jessica
  1211 | D:2      | Reached skill level 5 in Whips & Flails
  1380 | D:2      | Reached XP level 6. HP: 17/34 MP: 7/7
  1495 | D:2      | Reached skill level 6 in Whips & Flails
  1630 | D:2      | Reached skill level 7 in Whips & Flails
  1630 | D:2      | Reached XP level 7. HP: 20/38 MP: 8/8
  2088 | D:2      | Reached skill level 8 in Whips & Flails
  2339 | D:2      | Reached XP level 8. HP: 40/43 MP: 9/9
  2806 | D:3      | Reached skill level 9 in Whips & Flails
  3056 | D:3      | HP: 1/43 [ogre/+0 giant spiked club (21)]
  3274 | D:3      | Reached skill level 10 in Whips & Flails
  3302 | D:3      | HP: 1/43 [gnoll/arrow (4)]
  3303 | D:3      | Shot with an arrow by a gnoll

Levels and vault maps discovered:
D:1:      dpeg_arrival_arbitrary_a, layout_basic, guppyfry_early_orc_mine,
          cheibrodos_sewer_entry_bend
D:2:      layout_sewer, chequers_ecumenical_altar_grove, uniq_jessica
D:3:      layout_cave_pools, serial_shops, kennysheep_mini_moat, first_ration,
          enter_ossuary_4, grunt_decor_fettered, grunt_ogre_cave

Skill      XL: |  1  2  3  4  5  6  7  8 |
---------------+-------------------------+-----
Whips & Flails | 1 2 3 4 5 7 8 10 | 10.0
Fighting       | |  1.1
Stealth        | |  1.1
Spellcasting   | |  1.0

Action                   |  1- 3 |  4- 6 |  7- 9 || total
-------------------------+-------+-------+-------++-------
Melee: Demon whip        |    41 |   115 |   111 ||   267
       Unarmed           |    19 |    68 |    66 ||   153
Throw: Stone             |       |     9 |    14 ||    23
       Rusty metal       |       |     5 |     5 ||    10
       Skull             |       |     4 |     8 ||    12
       Bone              |       |     4 |     1 ||     5
  Use: Scroll            |     2 |     1 |     1 ||     4
       Potion            |       |       |     3 ||     3
 Stab: Sleeping          |     3 |     1 |       ||     4
       Invisible         |       |       |     1 ||     1
  Eat: Chunk             |       |     3 |     2 ||     5
       Ration            |       |       |     1 ||     1
Armor: Robe              |    14 |    55 |    42 ||   111
Dodge: Dodged            |     5 |     6 |    11 ||    22
